 Dungeon Crawl Stone Soup version 0.17.0-28-g6e173f8 (webtiles) character file.

10157 dohliylev the Blocker (level 11, 68/68 HPs)
             Began as a Gargoyle Fighter on Nov 29, 2015.
             Was a High Priest of Makhleb.
             Starved to death
             ... on level 10 of the Dungeon.
             The game lasted 01:04:55 (9543 turns).

dohliylev the Blocker (Gargoyle Fighter)            Turns: 9543, Time: 01:04:55

Health: 68/68      AC: 27    Str: 21    XL:     11   Next: 57%
Magic:  11/11      EV: 13    Int: 14    God:    Makhleb [*****.]
Gold:   628        SH: 15    Dex: 13    Spells: 1 memorised, 8 levels left

rFire  . . .     SeeInvis .     g - +1 hand axe (venom)
rCold  + + .     Clarity  .     T - +7 ring mail "Wymital" {*Confuse rC+ Int+3 Dex+4}
rNeg   + . .     SustAt   .     v - +2 shield {rF+}
rPois  ∞         Gourm    .     A - +0 helmet
rElec  +         Spirit   +     H - +0 cloak
rCorr  .         Warding  .     B - +0 pair of gloves
rMut   .         Stasis   .     t - +1 pair of boots
MR     .....                    w - amulet of guardian spirit
Stlth  +.........               c - ring of flight
                                u - ring of ice

@: fainting, not resistant to hostile enchantments, very unstealthy
A: negative energy resistance 1, electricity resistance, unbreathing,
petrification resistance, rot immunity, AC +7
a: Minor Destruction, Lesser Servant of Makhleb, Major Destruction, Greater
Servant of Makhleb, Renounce Religion, Evoke Flight


You were on level 10 of the Dungeon.
You worshipped Makhleb.
Makhleb was extremely pleased with you.
You were fainting.

You visited 2 branches of the dungeon, and saw 11 of its levels.
You also visited: Ossuary and Bailey.

You collected 628 gold pieces.

Inventory:

Hand Weapons
 g - a +1 hand axe of venom (weapon)
Armour
 t - a +1 pair of boots (worn)
 v - a +2 shield of fire resistance (worn)
 A - a +0 helmet (worn)
 B - a +0 pair of gloves (worn)
 H - a +0 cloak (worn)
 T - the +7 ring mail "Wymital" (worn) {*Confuse rC+ Int+3 Dex+4}
   (You found it on level 7 of the Dungeon)

   It affects your intelligence (+3).
   It affects your dexterity (+4).
   It protects you from cold.
   It may confuse you when you take damage.
Magical Staves
 f - an uncursed staff of wizardry {unknown}
Jewellery
 c - a ring of flight (right hand)
 u - a ring of ice (left hand)
 w - an amulet of guardian spirit (around neck)
 x - an uncursed ring of ice
 P - an uncursed amulet of resist mutation
 U - an uncursed ring of teleportation
Wands
 r - a wand of draining (3)
 y - a wand of slowing (1)
 J - a wand of digging (11)
 W - a wand of draining (6)
Scrolls
 a - a scroll of vulnerability {unknown}
 b - 3 scrolls of immolation
 h - 2 scrolls of amnesia
 j - 5 scrolls of teleportation
 k - 4 scrolls of blinking
 n - 2 scrolls of torment
 p - a scroll of magic mapping
 z - 3 scrolls of noise
 D - 3 scrolls of remove curse
 E - 2 scrolls of fear
 L - 4 scrolls of enchant weapon
 M - 2 scrolls of acquirement
 N - 2 scrolls of fog
Potions
 d - 3 potions of might
 m - 3 potions of lignification {unknown}
 o - 2 potions of poison {unknown}
 q - a potion of flight {unknown}
 s - 2 potions of curing {unknown}
 F - 3 potions of haste {unknown}
 G - a potion of resistance {unknown}
 I - 6 potions of mutation {unknown}
 K - 2 potions of berserk rage {unknown}
 Q - a potion of heal wounds {unknown}
 R - a potion of cure mutation {unknown}
Books
 O - a book of Burglary

   Spells                             Type                      Level
   a - Swiftness                      Charms/Air                   2
   b - Passwall                       Transmutation/Earth          3
   c - Passage of Golubria            Translocation                4
   d - Lee's Rapid Deconstruction     Earth                        5
   e - Darkness                       Hexes                        6
   f - Invisibility                   Hexes                        6
Comestibles
 e - 6 bread rations
 i - 5 meat rations
 l - 2 beef jerkies
 S - 17 royal jellies


   Skills:
 + Level 7.7 Fighting
   Level 2.0 Short Blades
 + Level 6.6 Axes
 + Level 8.2 Armour
 + Level 5.8 Dodging
 + Level 2.4 Stealth
 + Level 12.3 Shields
 + Level 0.7 Invocations


You had 8 spell levels left.
You knew the following spells:

 Your Spells              Type           Power        Failure   Level  Hunger
a - Swiftness             Chrm/Air       #.......     86%         2    ###....


Dungeon Overview and Level Annotations

Branches:
Dungeon (10/15)            Temple (1/1) D:6
   Lair: D:8-11         Orc: D:9-12

Altars:
Ashenzari
Cheibriados
Dithmenos
Elyvilon
Fedhas
Gozag
Kikubaaqudgha
Makhleb
Nemelex Xobeh
Okawaru
Qazlal
Ru
Sif Muna
Trog
Vehumet
Xom
Yredelemnul
Zin
The Shining One

Shops:
D:9 }

Annotations:
D:6 1 runed door


Innate Abilities, Weirdness & Mutations

You are resistant to torment.
Your stone body is resilient (AC +7).
You are immune to poison.
You resist negative energy.
You are resistant to electric shocks.
You can survive without breathing.
You are immune to petrification.
You are immune to rotting.


Message History

You barely miss the giant frog skeleton.
The giant frog skeleton closely misses you.
The giant frog skeleton barely misses you.
You barely miss the giant frog skeleton.
You block the giant frog skeleton's attack.
You hit the giant frog skeleton.
You block the giant frog skeleton's attack.
You hit the giant frog skeleton. The giant frog skeleton misses you.
You block the giant frog skeleton's attack.
You hit the giant frog skeleton but do no damage.
You block the giant frog skeleton's attack.
You hit the giant frog skeleton.
You destroy the giant frog skeleton!
Makhleb accepts your kill.
Eat which item? (? for menu, Esc to quit)
Okay, then.
Found a club.
You see here a club.
You have starved to death.
You die...

##############.##...
#.##### #### ####[#####
..# #......... #.#
#.##.####.
#####.#####.##.####.
#...........##......
#.##.###.####..##..###.
#.....@).# #..#.....#
####.##### #........# #
#.......... ####.....##
#.....# ##.#### #+#


There were no monsters in sight!

Vanquished Creatures
  An orc knight (Bailey)
  Joseph (D:7)
  A queen bee (D:9)
  2 wyverns (D:9)
  Sigmund (D:6)
  Eustachio (D:6)
  A deep elf mage (D:9)
  2 hungry ghosts
  A hippogriff (D:7)
  A soldier ant (D:6)
  2 water moccasins
  3 black bears
  An ice beast (D:7)
  12 orc warriors
  9 ogres
  2 sky beasts
  A necrophage (D:8)
  7 centaurs
  Blork the orc (D:6)
  A crocodile (D:6)
  3 big kobolds
  9 giant frogs
  A wyvern zombie (D:9)
  A gnoll sergeant (D:8)
  3 scorpions
  31 killer bees
  A giant frog zombie (D:7)
  4 jellies
  A centaur zombie (D:5)
  2 iguanas
  2 giant frog skeletons
  9 orc priests
  5 hounds
  A human zombie (Ossuary)
  Terence (D:2)
  12 orc wizards
  Natasha (D:4)
  2 gnoll shamans
  6 worker ants
  4 hound zombies
  4 hound skeletons
  4 mummies (Ossuary)
  Robin (D:4)
  A worker ant zombie (D:7)
  18 gnolls
  3 shadow imps
  14 adders
  2 oozes
  An adder zombie (Ossuary)
  2 worms
  4 adder skeletons
  69 orcs
  10 ball pythons (D:3)
  5 bats
  15 hobgoblins
  5 jackals
  4 quokkas
  11 giant cockroaches
  7 giant geckos
  A giant gecko skeleton (D:5)
  6 giant newts
  8 goblins
  2 goblin zombies (Ossuary)
  A hobgoblin zombie (Ossuary)
  A jackal zombie (Ossuary)
  25 kobolds
  A kobold zombie (Ossuary)
  4 rats
  2 rat zombies (Ossuary)
  2 butterflies (D:6)
  3 plants (D:8)
386 creatures vanquished.

Vanquished Creatures (others)
  A sky beast (D:9)
1 creature vanquished.

Grand Total: 387 creatures vanquished

Notes
Turn   | Place    | Note
--------------------------------------------------------------
     0 | D:1      | dohliylev the Gargoyle Fighter began the quest for the Orb.
     0 | D:1      | Reached XP level 1. HP: 14/14 MP: 1/1
   241 | D:1      | Reached XP level 2. HP: 19/19 MP: 2/2
   689 | D:2      | Reached XP level 3. HP: 23/23 MP: 3/3
  1147 | D:2      | Noticed Terence
  1152 | D:2      | Killed Terence
  1152 | D:2      | Reached skill level 1 in Dodging
  1152 | D:2      | Reached skill level 4 in Shields
  1152 | D:2      | Reached XP level 4. HP: 26/28 MP: 4/4
  1617 | D:3      | Reached XP level 5. HP: 28/33 MP: 5/5
  1622 | D:3      | Reached skill level 1 in Axes
  1763 | D:3      | Reached skill level 1 in Stealth
  2163 | D:3      | Reached XP level 6. HP: 31/38 MP: 6/6
  2187 | D:3      | Found a glowing silver altar of Zin.
  2459 | D:4      | Reached skill level 5 in Armour
  2584 | D:4      | Noticed Robin
  2596 | D:4      | Killed Robin
  2596 | D:4      | Reached XP level 7. HP: 43/43 MP: 7/7
  2867 | D:4      | Noticed Natasha
  2877 | D:4      | Killed Natasha
  3012 | D:5      | Entered Level 5 of the Dungeon
  3060 | D:5      | Reached skill level 5 in Shields
  3368 | D:5      | Reached skill level 6 in Shields
  3368 | D:5      | Reached XP level 8. HP: 29/48 MP: 8/8
  3578 | D:5      | Found a shattered altar of Ashenzari.
  3585 | D:5      | Reached skill level 5 in Fighting
  3772 | D:6      | Noticed Blork the orc
  3784 | D:6      | Killed Blork the orc
  3884 | D:6      | Found a sand-covered staircase.
  3910 | Ossuary  | Entered an ossuary
  4312 | D:6      | Found a staircase to the Ecumenical Temple.
  4319 | D:6      | Reached skill level 7 in Shields
  4327 | Temple   | Entered the Ecumenical Temple
  4418 | Temple   | Became a worshipper of Makhleb the Destroyer
  4494 | D:6      | Found a shadowy altar of Dithmenos.
  4591 | D:6      | Reached XP level 9. HP: 54/54 MP: 9/9
  4627 | D:6      | Found a runed door.
  4642 | D:6      | Found a runed door.
  4672 | D:6      | Reached skill level 8 in Shields
  4776 | D:6      | Reached * piety under Makhleb
  4863 | D:6      | Noticed Sigmund
  4885 | D:6      | Killed Sigmund
  4893 | D:6      | Reached skill level 5 in Axes
  4937 | D:6      | Found a radiant altar of Vehumet.
  5559 | D:6      | Noticed Eustachio
  5615 | D:6      | Killed Eustachio
  5643 | D:7      | Found a sacrificial altar of Ru.
  5662 | D:7      | Reached skill level 9 in Shields
  5806 | D:7      | Reached ** piety under Makhleb
  5905 | D:7      | Reached XP level 10. HP: 42/61 MP: 8/10
  5921 | D:7      | Noticed Joseph
  5946 | D:7      | Killed Joseph
  6042 | D:7      | Reached skill level 10 in Shields
  6207 | D:7      | Found a blossoming altar of Fedhas.
  6240 | D:7      | Got a warped ring mail
  6251 | D:7      | Identified the +7 ring mail "Wymital" {*Confuse rC+ Int+3 Dex+4} (You found it on level 7 of the Dungeon)
  6364 | D:7      | Found a snail-covered altar of Cheibriados.
  6450 | D:8      | Reached *** piety under Makhleb
  6941 | D:8      | Reached **** piety under Makhleb
  7804 | D:9      | Found Offeulail's Gadget Shop.
  7817 | D:9      | Reached skill level 11 in Shields
  7917 | D:9      | Reached ***** piety under Makhleb
  7932 | D:9      | Reached XP level 11. HP: 56/67 MP: 8/11
  7977 | D:9      | Noticed a green death
  8050 | D:9      | Reached skill level 5 in Dodging
  8532 | D:10     | Entered Level 10 of the Dungeon
  8738 | D:10     | Reached skill level 12 in Shields
  8775 | D:10     | Identified 2 scrolls of acquirement
  8780 | D:10     | Learned a level 2 spell: Swiftness
  8783 | D:10     | Found a flagged portal.
  8797 | D:10     | Got an iridescent spear
  8801 | Bailey   | Entered a bailey
  8985 | Bailey   | Found a roughly hewn altar of Beogh.
  8985 | Bailey   | Noticed an orc knight
  9162 | Bailey   | Killed an orc knight
  9543 | D:10     | Starved to death

Action                   |  1- 3 |  4- 6 |  7- 9 | 10-12 || total
-------------------------+-------+-------+-------+-------++-------
Melee: Rapier            |    13 |       |       |       ||    13
       Hand axe          |    54 |   144 |   522 |   812 ||  1532
Invok: Minor Destruction |       |       |       |     1 ||     1
       Greater Servant o |       |       |       |     1 ||     1
  Use: Scroll            |       |       |       |    13 ||    13
 Stab: Sleeping          |       |       |       |     1 ||     1
  Eat: Chunk             |       |     4 |    18 |    14 ||    36
       Pizza             |       |     1 |       |       ||     1
